 Dungeon Crawl Stone Soup version 0.28-a0-514-g0d7ab7f (webtiles) character file.

Game seed: 2982779860578089925

2 Think the Shield-Bearer (level 1, -2/16 HPs)
             Began as an Octopode Fighter on Sept 22, 2021.
             Was a Follower of Sif Muna.
             Slain by a rat (3 damage)
             ... on level 1 of the Dungeon.
             The game lasted 00:00:19 (65 turns).

Think the Shield-Bearer (Octopode Fighter)            Turns: 65, Time: 00:00:20

Health: -2/16      AC:  1    Str: 15    XL:     1   Next: 30%
Magic:  1/1        EV: 13    Int: 10    God:    Sif Muna [*.....]
Gold:   0          SH:  4    Dex: 11    Spells: 0/0 levels left

rFire   . . .      SeeInvis .   a - +0 rapier
rCold   . . .      Faith    .   b - +0 buckler
rNeg    . . .      Spirit   .   (helmet restricted)
rPois   .          Reflect  .   (no amulet)
rElec   .          Harm     .   (no ring)
rCorr   .          Rampage  .   (no ring)
Will    .....                   (no ring)
Stlth   ++........              (no ring)
HPRegen 0.05/turn               (no ring)
MPRegen 0.07/turn               (no ring)
                                (no ring)
                                (no ring)

@: no status effects
A: almost no armour, amphibious, 8 rings, camouflage 1, gelatinous body 1,
(nimble swimmer 1), tentacles
a: Renounce Religion, Channel Magic


You were on level 1 of the Dungeon.
You worshipped Sif Muna.
Sif Muna was aware of your devotion.
You visited 1 branch of the dungeon, and saw 1 of its levels.

Inventory:

Hand Weapons
 a - a +0 rapier (weapon)
Armour
 b - a +0 buckler (worn)
Potions
 c - a potion of might
 d - a potion of heal wounds {unknown}


   Skills:
 - Level 3.0 Fighting
 + Level 2.2 Short Blades
 - Level 3.0 Dodging
 - Level 3.0 Shields


You couldn't memorise any spells.
You didn't know any spells.
Your spell library was empty.

Dungeon Overview and Level Annotations

Branches:
Dungeon (1/15)

Altars:
Sif Muna


Innate Abilities, Weirdness & Mutations

You cannot wear most types of armour.
You are amphibious.
You can wear up to eight rings at the same time.
Your skin changes colour to match your surroundings (Stealth+).
Your rubbery body absorbs attacks. (AC +1, EV +1)
((You are camouflaged near water. (Stealth+)))
You have tentacles for arms and can constrict up to eight enemies at once.


Message History

You cannot tell which god this altar belongs to.
Convert to them anyway?
Sif Muna accepts your prayer! Sif Muna welcomes you!
You can now call upon Sif Muna for magical energy.
Nothing quivered!
You open the door.
There is an open door here.
A rat and a hobgoblin come into view.
The hobgoblin shouts!
You hear a shout!
You hear an angry hiss.
The hobgoblin moves out of view.
A rat is nearby!
A rat is nearby!
A ball python comes into view.
The hobgoblin hits you. The hobgoblin hits you. The hobgoblin hits you.
The hobgoblin hits you.
A goblin comes into view. It is wielding a +0 club.
The hobgoblin completely misses you. The hobgoblin closely misses you.
The rat barely misses you. The hobgoblin hits you. The rat barely misses you.
The hobgoblin barely misses you. You block the rat's attack.
The hobgoblin misses you. The rat bites you.
* * * LOW HITPOINT WARNING * * *
The hobgoblin barely misses you. The rat bites you but does no damage.
The hobgoblin closely misses you. The rat bites you but does no damage.
The hobgoblin closely misses you. The rat bites you.
* * * LOW HITPOINT WARNING * * *
The hobgoblin closely misses you. The rat barely misses you.
You block the hobgoblin's attack.
The rat twitches its whiskers.
The rat bites you.
* * * LOW HITPOINT WARNING * * *
The hobgoblin closely misses you. The rat barely misses you.
The hobgoblin hits you but does no damage.
The rat closely misses you. The hobgoblin barely misses you.
The rat closely misses you. The hobgoblin completely misses you.
The rat barely misses you. You block the hobgoblin's attack. The rat bites you.
You die...

.### ...#
...####
......#
......#
S.....#
####g.....#
#..@rg....#
#.#########
#.#
#####'#####
#....#....#
#..≈≈#≈≈|.#
#....#....#
#....#....#
#.≈≈≈_≈≈≈.#


You could see a hobgoblin, a goblin, a ball python and a rat.

Vanquished Creatures
  An endoplasm (D:1)
  A rat (D:1)
2 creatures vanquished.

Notes
Turn   | Place    | Note
-------+----------+-------------------------------------------
     0 | D:1      | Think the Octopode Fighter began the quest for the Orb.
     0 | D:1      | Reached XP level 1. HP: 16/16 MP: 1/1
    25 | D:1      | Found a faded altar of an unknown god.
    34 | D:1      | Became a worshipper of Sif Muna the Loreminder
    34 | D:1      | Reached * piety under Sif Muna
    65 | D:1      | Slain by a rat

Illustrated notes

Levels and vault maps discovered:
D:1:      minmay_arrival_shattered_statue, layout_basic,
          shapermc_ecumenical_altar_notcrosses, serial_shops,
          nicolae_shop_window_shopping

Action                   || total
-------------------------++-------
Melee: Rapier            ||     2
 Stab: Sleeping          ||     2
Armor: Skin              ||     3
Dodge: Dodged            ||    18
Block: Buckler           ||     3

Table legend: (Time is in decaauts)
 A = Elapsed time spent in this place.
 B = Non-inter-level travel time spent in this place.
 C = Inter-level travel time spent in this place.
 D = Time resting spent in this place.
 E = Time spent auto-exploring this place.
 F = Levels seen in this place.
 G = Mean time per level.
                   A        B        C        D        E       F      G
               +--------+--------+--------+--------+--------+-----+--------+
         Total |     65 |     65 |      0 |      0 |     31 |   1 |   65.0 |
       Dungeon |     65 |     65 |      0 |      0 |     31 |   1 |   65.0 |
               +--------+--------+--------+--------+--------+-----+--------+

Top non-repeatable levels by time:
     D:1: 65 daAuts
